 Dungeon Crawl Stone Soup version 0.31.0-32-g396128a36d (webtiles) character file.

Game seed: 12008858292189987554

103 Logoto the Chopper (level 4, -2/40 HPs)
             Began as a Hill Orc Fighter on Mar 10, 2024.
             Splashed by a jelly's acid (7 damage)
             ... on level 3 of the Dungeon.
             The game lasted 00:04:21 (1662 turns).

Logoto the Chopper (Hill Orc Fighter)               Turns: 1662, Time: 00:04:23

Health: -2/40      AC:  0    Str: 20    XL:     4   Next: 79%
Magic:  4/4        EV:  5    Int:  8    God:
Gold:   140        SH:  4    Dex: 10    Spells: 3/3 levels left

rFire   . . .        a - +0 war axe
rCold   . . .        c - +0 buckler
rNeg    . . .        m - +0 plate armour
rPois   .            (no helmet)
rElec   .            l - +0 cloak
rCorr   .            (no gloves)
SInv    .            (no boots)
Will    .....        (no amulet) Stlth
                     (no ring)
HPRegen 0.26/turn    (no ring)
MPRegen 0.09/turn

%: no passive effects
@: corroded
A: no striking features
a: no special abilities


You were on level 3 of the Dungeon.
You visited 1 branch of the dungeon, and saw 3 of its levels.

You collected 140 gold pieces.

Inventory:

Hand Weapons
 a - a +0 war axe (weapon)
Armour
 b - a +0 scale mail
 c - a +0 buckler (worn)
 l - a +0 cloak (worn)
 m - a +0 plate armour (worn)
Scrolls
 e - a scroll of teleportation {unknown}
 f - a scroll of fear {unknown}
 g - 2 scrolls of identify {unknown}
 h - a scroll of poison {unknown}
 k - a scroll of blinking {unknown}
 n - a scroll of enchant armour {unknown}
Potions
 d - a potion of might
 i - 2 potions of heal wounds {unknown}
 j - a potion of mutation {unknown}


   Skills:
 + Level 4.2 Fighting
 + Level 4.6 Axes
 + Level 3.8 Armour
 + Level 0.3 Dodging
 + Level 0.1 Stealth
 + Level 3.9 Shields


You had 3 spell levels left.
You didn't know any spells.
Your spell library contained the following spells:

 Spells                   Type           Power      Damage    Failure   Level
 Magic Dart               Conj           0%         1d3       100%        1
 Searing Ray              Conj           0%         2d4       100%        2
 Inner Flame              Hex/Fire       0%         N/A       100%        3
 Flame Wave               Conj/Fire      0%         2d4       100%        4
 Fulminant Prism          Conj/Alch      0%         3d5       100%        4
 Sticky Flame             Fire/Alch      0%         2d4       100%        4


Dungeon Overview and Level Annotations

Branches:
Dungeon (3/15)

Altars:


Message History

You closely miss the goblin. You block the goblin's attack.
You hit the goblin but do no damage. The goblin hits you but does no damage.
You block the goblin's attack.
You slash the goblin!
You kill the goblin!
You see here a +0 club.
Found 14 gold pieces.
Nothing quivered!
An orc comes into view. It is wielding a +0 flail.
The orc shouts!
You see here 14 gold pieces.
You now have 140 gold pieces (gained 14).
You closely miss the orc. The orc hits you but does no damage.
You slash the orc!
You kill the orc!
Things that are here:
a +0 flail; a +0 ring mail A jelly comes into view.
You hear the slow rusting of a drain very nearby.
Found a spear.
The jelly jiggles.
You block the jelly's attack.
You hit the jelly. The acid corrodes you!
Your hands burn!
The jelly is moderately wounded.
The jelly hits you.
You are splashed with acid!
You hit the jelly but do no damage. The acid corrodes you!
Your hands burn!
The jelly is moderately wounded.
The jelly completely misses you.
You hit the jelly but do no damage.
Your hands burn!
The jelly is moderately wounded.
The jelly hits you. The acid corrodes you!
You are splashed with acid.
The jelly hits you. The acid corrodes you!
You are splashed with acid!
* * * LOW HITPOINT WARNING * * *
You hit the jelly but do no damage.
Your hands burn!
* * * LOW HITPOINT WARNING * * *
The jelly is moderately wounded.
The jelly hits you.
* * * LOW HITPOINT WARNING * * *
You are splashed with acid!
You die...

#.....)#.# #.....
...#....#.# #.....
.# #....#.# #.....
# #....#.# #.....
#.#....#.# #.....
#....###..........
. ####.# ########
....######.#
......J@...#
#.)...###### #.###


You could see a jelly.

Vanquished Creatures
  6 adders
  2 ribbon worms (D:2)
  3 dart slugs (D:1)
  An orc (D:3)
  2 endoplasms
  6 goblins
  4 hobgoblins (D:1)
  4 kobolds
  A quokka (D:2)
  4 ball pythons (D:1)
  2 bats (D:1)
  2 frilled lizards (D:1)
  3 rats
40 creatures vanquished.

Notes
Turn   | Place    | Note
-------+----------+-------------------------------------------
     0 | D:1      | Logoto the Hill Orc Fighter began the quest for the Orb.
     0 | D:1      | Reached XP level 1. HP: 19/19 MP: 1/1
   103 | D:1      | Reached XP level 2. HP: 27/27 MP: 2/2
   488 | D:1      | Reached XP level 3. HP: 29/33 MP: 3/3
  1044 | D:2      | Reached XP level 4. HP: 26/40 MP: 4/4
  1662 | D:3      | Splashed by a jelly's acid

Illustrated notes

Levels and vault maps discovered:
D:1:      minmay_arrival_four_circles, layout_loops_ring, serial_aquarium,
          aquarium_bridge_square [aquarium_subvault_balcony,
          aquarium_subvault_bridge, aquarium_subvault_balcony,
          aquarium_subvault_bridge], aquarium_window_fake, aquarium_window_fake,
          aquarium_view_2c, hangedman_decor_lopped, minmay_tree_intersection,
          serial_bayou_ford_a
D:2:      layout_loops_ring
D:3:      layout_basic, gammafunk_ghost_arena, portal_sewer_entry_d, uniq_pargi

Skill      XL: |  1  2  3 |
---------------+----------+-----
Fighting       | 4 |  4.2
Axes           | 3 4 |  4.6
Armour         | |  3.8
Dodging        | |  0.3
Stealth        | |  0.1
Shields        | |  3.9

Action                     |  1- 3 |  4- 6 || total
---------------------------+-------+-------++-------
  Melee: War axe           |    72 |    42 ||   114
 Armour: Scale mail        |    49 |    12 ||    61
         Plate armour      |       |    18 ||    18
  Dodge: Dodged            |    42 |    12 ||    54
  Block: Buckler           |    19 |    13 ||    32
